 Dungeon Crawl Stone Soup version 0.30.1-11-g7821555f0a (webtiles) character file.

Game seed: 88951954440705643

625 KittyFluff the Cudgeller (level 7, -4/66 HPs)
             Began as a Gargoyle Berserker on Nov 11, 2023.
             Was a Priest of Trog.
             Slain by a hornet zombie (7 damage)
             ... on level 4 of the Dungeon.
             The game lasted 00:12:33 (3042 turns).

KittyFluff the Cudgeller (Gargoyle Berserker)       Turns: 3042, Time: 00:12:34

Health: -4/66      AC: 10    Str: 22    XL:     7   Next: 47%
Magic:  7/7        EV: 11    Int:  8    God:    Trog [***...]
Gold:   122        SH:  4    Dex:  9    Spells: 6/6 levels left

rFire   + . .        b - +2 whip (vamp)
rCold   . . .        d - +0 buckler
rNeg    + . .        q - +0 leather armour {rF+}
rPois   ∞            c - +0 helmet
rElec   +            r - +0 cloak
rCorr   .            (no gloves)
SInv    +            (no boots)
Will    .....        (no amulet) Stlth
                     i - ring of see invisible
HPRegen 0.31/turn    (no ring)
MPRegen 0.10/turn

%: no passive effects
@: berserking, very quick
A: sickness immunity, AC +4, negative energy resistance 1, electricity
resistance, torment resistance 1, petrification resistance
a: Renounce Religion, Berserk, Trog's Hand


You were on level 4 of the Dungeon.
You worshipped Trog.
Trog was most pleased with you.
You visited 1 branch of the dungeon, and saw 5 of its levels.

You collected 122 gold pieces.

Inventory:

Hand Weapons
 a - a +0 mace
 b - a +2 vampiric whip (weapon)
 e - a +0 sling
Armour
 c - a +0 helmet (worn)
 d - a +0 buckler (worn)
 q - a +0 leather armour of fire resistance (worn)
 r - a +0 cloak (worn)
Jewellery
 i - a ring of see invisible (left hand)
Scrolls
 h - 2 scrolls of immolation {unknown}
 j - a scroll of noise {unknown}
 k - a scroll of blinking {unknown}
 l - 2 scrolls of poison {unknown}
 o - 2 scrolls of vulnerability {unknown}
 s - a scroll of teleportation {unknown}
Potions
 f - 4 potions of curing
 g - 3 potions of mutation
 m - a potion of invisibility
 n - a potion of haste
 t - a potion of degeneration {unknown}
 v - a potion of lignification {unknown}


   Skills:
 + Level 4.4 Fighting
 * Level 5.0 Maces & Flails
 * Level 4.6 Armour
 + Level 2.8 Dodging
 + Level 3.1 Stealth
 + Level 2.4 Shields


You had 6 spell levels left.
You didn't know any spells.
Your spell library was empty.

Dungeon Overview and Level Annotations

Branches:
Dungeon (5/15)
 Temple: D:4-7

Altars:
Dithmenos
Elyvilon
Uskayaw
Zin


Innate Abilities, Weirdness & Mutations

You are immune to sickness and miasma.
Your stone body is resilient. (AC +4)
You are immune to poison.
You resist negative energy. (rN+)
You are resistant to electric shocks. (rElec)
You are resistant to unholy torment.
You are immune to petrification.


Message History

The hornet zombie hits you but does no damage.
The hornet zombie barely misses you.
You closely miss the hornet zombie.
The hornet zombie is moderately damaged.
You block the hornet zombie's attack.
You closely miss the hornet zombie.
The hornet zombie is moderately damaged.
The hornet zombie closely misses you.
You hit the hornet zombie but do no damage.
The hornet zombie is moderately damaged.
The hornet zombie hits you.
You whack the hornet zombie!
The hornet zombie is moderately damaged.
The hornet zombie closely misses you. The hornet zombie hits you!
You closely miss the hornet zombie.
The hornet zombie is moderately damaged.
The hornet zombie hits you!
* * * LOW HITPOINT WARNING * * *
You hit the hornet zombie.
The hornet zombie is heavily damaged.
The hornet zombie hits you.
* * * LOW HITPOINT WARNING * * *
You whack the hornet zombie!
The hornet zombie is severely damaged.
The hornet zombie hits you but does no damage.
A red film seems to cover your vision as you go berserk!
You feel yourself moving faster!
You feel mighty! The hornet zombie closely misses you.
You barely miss the hornet zombie.
The hornet zombie is severely damaged.
The hornet zombie hits you!
* * * LOW HITPOINT WARNING * * *
You barely miss the hornet zombie.
The hornet zombie is severely damaged.
The hornet zombie hits you.
* * * LOW HITPOINT WARNING * * *
You whack the hornet zombie!
The hornet zombie is almost destroyed.
The hornet zombie hits you!
You die...

##.....................>[..=#####
....##....÷###....#..#########
#######.###.......##.#..#.#.. #
....#####|#.....####.##.$!..#####
.##†'...#'##.....# ###.......#..#
.##.#...#..#.....######.....###.#
....#...'..#.........#Z......#...
†###########....###..###W''###.#>
....#......#....@ZZZ.#.......###.
#.#.#.#..#.#....##...........# #)
....#......#...######.....#..###.
#.#†#......#..## #.........###
....'.#..#.#..# ####...##...#
#####......).## #..#####..
########## #### ### # #


You could see a bullfrog zombie, a hornet zombie and a bullfrog skeleton.

Vanquished Creatures
  A black bear (D:4)
  The ghost of ChrisAssaf the Vexing, an amateur DsEn (D:4)
  A phantom (D:4)
  A scorpion (D:3)
  An orc priest (D:3)
  A hound (D:4)
  A sleepcap (D:4)
  An orc wizard (D:3)
  10 adders
  An ufetubus (D:4)
  3 worms
  3 dart slugs
  12 orcs
  9 ball pythons
  5 bats
  9 endoplasms
  2 giant cockroaches
  7 hobgoblins
  4 jackals (D:2)
  8 kobolds
  4 quokkas
  2 frilled lizards
  6 goblins
  4 rats
97 creatures vanquished.

Notes
Turn   | Place    | Note
-------+----------+-------------------------------------------
     0 | D:1      | KittyFluff the Gargoyle Berserker began the quest for the
                  | Orb.
     0 | D:1      | Reached XP level 1. HP: 14/14 MP: 1/1
   295 | D:1      | Reached XP level 2. HP: 14/19 MP: 2/2
   373 | D:1      | Found a faded altar of an unknown god.
  1061 | D:2      | Reached XP level 3. HP: 23/23 MP: 3/3
  1087 | D:2      | Reached ** piety under Trog
  1267 | D:2      | Reached skill level 1 in Stealth
  1476 | D:3      | Reached XP level 4. HP: 18/29 MP: 4/4
  1656 | D:3      | Reached skill level 1 in Shields
  1852 | D:3      | Noticed a scorpion
  1860 | D:3      | Killed a scorpion
  1861 | D:3      | Reached skill level 4 in Maces & Flails
  1861 | D:3      | Reached XP level 5. HP: 33/33 MP: 5/5
  1909 | D:3      | Found a glowing silver altar of Zin.
  1996 | D:3      | Reached *** piety under Trog
  2016 | D:3      | Found a shadowy altar of Dithmenos.
  2021 | D:3      | Found a hide-covered altar of Uskayaw.
  2025 | D:3      | Found a white marble altar of Elyvilon.
  2313 | D:4      | Reached XP level 6. HP: 37/38 MP: 6/6
  2371 | D:4      | Found a runed translucent gate.
  2371 | D:4      | Found a runed translucent gate.
  2371 | D:4      | Found a runed translucent gate.
  2371 | D:4      | Noticed a black bear
  2372 | D:4      | Noticed ChrisAssaf's ghost (amateur DsEn)
  2392 | D:4      | Killed a black bear
  2534 | D:4      | Reached XP level 7. HP: 21/43 MP: 7/7
  2909 | D:5      | Entered Level 5 of the Dungeon
  3029 | D:4      | Killed ChrisAssaf's ghost
  3030 | D:4      | Reached skill level 5 in Maces & Flails
  3041 | D:4      | HP: 3/66 [hornet zombie (4)]
  3042 | D:4      | Slain by a hornet zombie

Illustrated notes

Levels and vault maps discovered:
D:1:      saegor_arrival_simple_c, layout_loops_corners,
          nicolae_ecumenical_lake_church, minmay_hedge_maze
D:2:      layout_basic
D:3:      minmay_chambers_of_threes, layout_loops_cross,
          mainiacjoe_overflow_boulevard, minmay_overflow_temple_star_quad
D:4:      minmay_clustersquares, layout_rooms, gammafunk_ghost_necromancy,
          minmay_misc_feat_encased, minmay_misc_feat_alley
D:5:      layout_basic, minmay_temple_entry_gardened_gates,
          serial_co_window_serial, co_window_paths_b, co_window_corner_a,
          co_window_corner_a, co_window_corner_a, co_window_corner_a,
          co_window_corner_b, co_window_of_opportunity_c, co_window_broadway_c,
          co_window_broadway_b, glass_columns_a, uniq_grinder

Skill      XL: |  1  2  3  4  5  6  7 |
---------------+----------------------+-----
Stealth        | 1 2 3 |  3.1
Dodging        | 2 |  2.8
Armour         | 3 4 |  4.6
Shields        | 1 2 |  2.4
Maces & Flails | 4 5 |  5.0
Fighting       | 4 |  4.4

Action                     |  1- 3 |  4- 6 |  7- 9 || total
---------------------------+-------+-------+-------++-------
  Melee: Mace              |   118 |    41 |       ||   159
         Whip              |       |   128 |   120 ||   248
 Invoke: Berserk           |       |     1 |     1 ||     2
    Use: Scroll            |     1 |     2 |       ||     3
         Potion            |       |     1 |       ||     1
   Stab: Sleeping          |       |     2 |     1 ||     3
 Armour: Animal skin       |    44 |     6 |       ||    50
         Leather armour    |       |    53 |    42 ||    95
  Dodge: Dodged            |    77 |   100 |    59 ||   236
  Block: Buckler           |    12 |    16 |    25 ||    53
